[Event "FIDE Open Sachove Univerzity QCC"]
[Site "Ceske Budejovice"]
[Date "2020.07.09"]
[Round "4.21"]
[White "Jodas, Daniel"]
[Black "Dudkova, Josefina"]
[Result "0-1"]
[ECO "D05"]
[WhiteElo "1608"]
[BlackElo "1447"]
[Annotator "NA"]
[PlyCount "79"]
[EventDate "2020.07.01"]
[EventType "swiss"]
[EventCountry "CZE"]
[TimeControl "40/5400+30:1800+30"]

1. d4 Nf6 2. Nf3 d5 3. e3 e6 4. Bd3 c5 5. c3 Nc6 6. Nbd2 Bd6 7. O-O O-O 8. dxc5 Bxc5 9. Qe2 e5 10. e4 d4 11. cxd4 Nxd4 12. Nxd4 Bxd4 13. Kh1 Be6 14. Nc4 h6 15. h3 Rc8 16. f4 exf4 17. Bxf4 Bxc4 18. Bxc4 Qe7 19. e5 Nh7 20. e6 Bc5 21. exf7+ Kh8 22. Qxe7 Bxe7 23. Bb3 Ng5 24. Bh2 Rcd8 25. h4 Nh7 26. Bg3 Bf6 27. Rf2 b5 28. Rc1 Rd7 29. Re1 Rdd8 30. Rc1 Rd7 31. Rc7 Rxc7 32. Bxc7 Bxh4 33. Bd6 Bxf2 34. Bxf8 Nxf8 35. Bd5 Kh7 36. Kh2 Kg6 37. g3 Bc5 38. Kg2 b4 39. Kf3 Nd7 40. Ke4 0-1

[Event "FIDE Open Sachove Univerzity QCC"]
[Site "Ceske Budejovice"]
[Date "2020.07.04"]
[Round "4.22"]
[White "Dobsinsky, Petr"]
[Black "Tajovsky, Simon"]
[Result "0-1"]
[ECO "A17"]
[WhiteElo "1248"]
[BlackElo "1594"]
[Annotator "NA"]
[PlyCount "92"]
[EventDate "2020.07.01"]
[EventType "swiss"]
[EventCountry "CZE"]
[SourceTitle "playchess.com"]
[Source "ChessBase"]
[SourceQuality "1"]
[TimeControl "40/5400+30:1800+30"]

1. Nf3 d5 2. e3 Nf6 3. c4 e6 4. Nc3 c5 5. b3 Nc6 6. Bb2 Bd6 7. d4 O-O 8. cxd5 exd5 9. dxc5 Bxc5 10. Bd3 Bg4 11. h3 Bh5 12. g4 Bg6 13. Bxg6 hxg6 14. g5 Ne4 15. Qxd5 Qxd5 16. Nxd5 Rad8 17. Rd1 Nb4 18. Nxb4 Rxd1+ 19. Kxd1 Nxf2+ 20. Ke2 Nxh1 21. Nd3 Ng3+ 22. Kf2 Ne4+ 23. Ke2 Bb6 24. h4 Rc8 25. Bd4 Nc3+ 26. Bxc3 Rxc3 27. Kd2 Rc8 28. e4 f6 29. a4 Kf7 30. e5 Rd8 31. Ke2 Ke6 32. b4 Bd4 33. gxf6 gxf6 34. exf6 Kxf6 35. Nf4 Kf5 36. Ng2 Bf6 37. Nh2 Rd4 38. Nf3 Rxb4 39. Ne3+ Ke6 40. a5 Ra4 41. Ng2 Rxa5 42. Nf4+ Kf5 43. Nd3 Ra2+ 44. Ke3 Ra3 45. Nd4+ Bxd4+ 46. Kxd4 Rxd3+ 0-1

[Event "FIDE Open Sachove Univerzity QCC"]
[Site "Ceske Budejovice"]
[Date "2020.07.10"]
[Round "4.23"]
[White "Veselsky, Jan"]
[Black "Svejda, Karel"]
[Result "0-1"]
[ECO "E94"]
[WhiteElo "1580"]
[BlackElo "1387"]
[Annotator "NA RC"]
[PlyCount "98"]
[EventDate "2020.07.01"]
[EventType "swiss"]
[EventCountry "CZE"]
[TimeControl "40/5400+30:1800+30"]

1. d4 Nf6 2. c4 g6 3. Nc3 Bg7 4. e4 d6 5. Nf3 O-O 6. Be2 Nbd7 7. O-O e5 8. Be3 Ng4 9. Bg5 f6 10. Bd2 Qe7 11. Nd5 Qd8 12. dxe5 Ngxe5 13. Nd4 Nc5 14. f4 c6 15. Nc3 Ned3 16. Be3 Nb4 17. a3 Nba6 18. Bg4 Re8 19. Bxc8 Rxc8 20. Qf3 Qe7 21. Rae1 Nxe4 22. Bf2 f5 23. g4 Qf7 24. gxf5 Nd2 25. Qg2 Nxf1 26. fxg6 Qxg6 27. Rxf1 Qxg2+ 28. Kxg2 Nc5 29. Kf3 Nd3 30. Nf5 Bxc3 31. Rg1+ Kf8 32. bxc3 Nxf2 33. Kxf2 Rcd8 34. Rg7 Re4 35. Kf3 Rxc4 36. Rxh7 Rxc3+ 37. Kg4 Kg8 38. Rg7+ Kh8 39. a4 Rc5 40. Rg6 Rg8 41. Rxg8+ Kxg8 42. Nxd6 b5 43. axb5 cxb5 44. Ne4 Rc2 45. Nd6 b4 46. Nb5 Rxh2 47. Nd4 Rd2 48. Nf3 Rd1 49. f5 b3 0-1

[Event "FIDE Open Sachove Univerzity QCC"]
[Site "Ceske Budejovice"]
[Date "2020.07.04"]
[Round "4.24"]
[White "Martirosyan, David"]
[Black "Garabik, Marek"]
[Result "0-1"]
[ECO "C39"]
[WhiteElo "1560"]
[BlackElo "1363"]
[Annotator "NA"]
[PlyCount "42"]
[EventDate "2020.07.01"]
[EventType "swiss"]
[EventCountry "CZE"]
[SourceTitle "playchess.com"]
[Source "ChessBase"]
[SourceQuality "1"]
[TimeControl "40/5400+30:1800+30"]

1. e4 e5 2. f4 exf4 3. Nf3 g5 4. h4 g4 5. Nd4 Nc6 6. Nxc6 dxc6 7. Nc3 Bg7 8. Bc4 h5 9. d3 Be5 10. Ne2 f3 11. gxf3 gxf3 12. Nf4 Bg4 13. Kf2 Qd6 14. Qd2 Ne7 15. c3 c5 16. Bb3 Ng6 17. Nxg6 fxg6 18. Bd1 O-O-O 19. Bc2 Bg3+ 20. Kf1 Rhf8 21. b3 f2 0-1

[Event "FIDE Open Sachove Univerzity QCC"]
[Site "Ceske Budejovice"]
[Date "2020.07.04"]
[Round "4.25"]
[White "Bara, Jan"]
[Black "Strapec, Lukas"]
[Result "0-1"]
[ECO "D35"]
[WhiteElo "1128"]
[BlackElo "1525"]
[Annotator "NA"]
[PlyCount "62"]
[EventDate "2020.07.01"]
[EventType "swiss"]
[EventCountry "CZE"]
[SourceTitle "playchess.com"]
[Source "ChessBase"]
[SourceQuality "1"]
[TimeControl "40/5400+30:1800+30"]

1. d4 Nf6 2. c4 e6 3. Nc3 d5 4. Nf3 Be7 5. Bf4 c6 6. e3 Nbd7 7. cxd5 exd5 8. Bd3 O-O 9. O-O Nh5 10. Bxh7+ Kxh7 11. Ng5+ Bxg5 12. Qxh5+ Bh6 13. Bxh6 gxh6 14. Ne2 Qg5 15. Qf3 Nb6 16. e4 Bg4 17. Qd3 Bxe2 18. Qxe2 Rae8 19. f4 Qf6 20. e5 Qf5 21. g4 Rg8 22. h3 h5 23. Kh1 hxg4 24. hxg4 Qe4+ 25. Qxe4+ dxe4 26. Rg1 Rd8 27. Rad1 e3 28. g5 Kg6 29. Rd3 Nd5 30. Rf1 e2 31. f5+ Kxg5 0-1

[Event "FIDE Open Sachove Univerzity QCC"]
[Site "Ceske Budejovice"]
[Date "2020.07.10"]
[Round "4.26"]
[White "Karweit, Alex W"]
[Black "Smola, David"]
[Result "1-0"]
[ECO "A06"]
[WhiteElo "1579"]
[BlackElo "1649"]
[Annotator "NA RC"]
[PlyCount "91"]
[EventDate "2020.07.01"]
[EventType "swiss"]
[EventCountry "CZE"]
[TimeControl "40/5400+30:1800+30"]

1. Nf3 d5 2. b3 c5 3. e3 Nc6 4. Bb2 Bg4 5. Be2 e6 6. h3 Bh5 7. d4 Nf6 8. Nbd2 Be7 9. O-O O-O 10. dxc5 Bxc5 11. Rc1 Qe7 12. Ne5 Nxe5 13. Bxh5 Nc6 14. c4 Rfd8 15. cxd5 Rxd5 16. Bf3 Rd3 17. Bxf6 Qxf6 18. Rxc5 Rad8 19. Ne4 Qe7 20. Qc1 R3d7 21. Qc4 Rd5 22. b4 Ne5 23. Qe2 f5 24. Rxd5 Rxd5 25. Nc5 Nxf3+ 26. Qxf3 b6 27. Nb3 Qxb4 28. Rd1 Rxd1+ 29. Qxd1 Qa4 30. Qd6 Kf7 31. Qc7+ Kg8 32. Qe5 Kf7 33. Qc7+ Kg8 34. Qd8+ Kf7 35. Qd2 a5 36. Kf1 Qc6 37. Nd4 Qd5 38. Qb2 Qc5 39. Qb5 Qc7 40. Qc6 Qe7 41. Qxb6 Qd7 42. Qc6 Qe7 43. Ke2 g6 44. f3 e5 45. Qd5+ Kf6 46. Nc6 1-0

[Event "FIDE Open Sachove Univerzity QCC"]
[Site "Ceske Budejovice"]
[Date "2020.07.04"]
[Round "4.27"]
[White "Zachar, Jaroslav"]
[Black "Policar, Martin"]
[Result "1-0"]
[ECO "D40"]
[WhiteElo "1831"]
[BlackElo "1258"]
[Annotator "NA"]
[PlyCount "61"]
[EventDate "2020.07.01"]
[EventType "swiss"]
[EventCountry "CZE"]
[SourceTitle "playchess.com"]
[Source "ChessBase"]
[SourceQuality "1"]
[TimeControl "40/5400+30:1800+30"]

1. d4 d5 2. e3 e6 3. c4 c5 4. Nc3 Nf6 5. Nf3 Nc6 6. Ne5 cxd4 {[%emt 0:11:23] D40: Queen's Gambit Declined: Semi-Tarrasch with 5 e3.} 7. exd4 Bd6 8. Nxc6 bxc6 {[%emt 0:02:09] [#]} 9. Qa4 $146 ({Predecessor:} 9. Be2 h6 10. O-O O-O 11. Be3 dxc4 12. Bxc4 Nd5 13. Qh5 Rb8 14. Bb3 f5 15. Rad1 {½-½ (24) Stanec,N (2505)-Lehner,O (2320) Austria 1996}) 9... Bd7 10. c5 Bc7 11. f4 O-O 12. Ba6 Ng4 13. g3 f6 (13... Qe7 $15 14. O-O Rfb8) 14. Bb7 Rb8 15. Bxc6 Bxc6 16. Qxc6 Qe7 17. O-O Rbd8 18. Bd2 Ba5 19. Rae1 Bxc3 20. Bxc3 e5 21. Ba5 Rd7 $18 (21... Qe8 $142 22. Qxe8 Rdxe8) 22. fxe5 fxe5 23. Rxf8+ Qxf8 24. Qe6+ Rf7 25. Qxg4 Rf2 26. Qe6+ Kh8 27. Qxe5 Rxb2 28. Qe8 Rf2 29. Qxf8+ Rxf8 30. c6 h6 31. Re5 1-0

[Event "FIDE Open Sachove Univerzity QCC"]
[Site "Ceske Budejovice"]
[Date "2020.07.04"]
[Round "4.28"]
[White "Frnoch, Vojtech"]
[Black "Jilek, Pavel"]
[Result "1-0"]
[ECO "C23"]
[WhiteElo "1597"]
[BlackElo "1234"]
[Annotator "NA"]
[PlyCount "107"]
[EventDate "2020.07.01"]
[EventType "swiss"]
[EventCountry "CZE"]
[SourceTitle "playchess.com"]
[Source "ChessBase"]
[SourceQuality "1"]
[TimeControl "40/5400+30:1800+30"]

1. e4 e5 2. Bc4 c6 3. d4 d5 4. exd5 cxd5 5. Bb5+ Bd7 6. Bxd7+ Nxd7 7. dxe5 Nxe5 8. Qe2 Bd6 9. f4 Qh4+ 10. g3 Qg4 11. fxe5 Qxe2+ 12. Nxe2 Bxe5 13. O-O Ne7 14. c3 f6 15. Bf4 Nc6 16. Nd2 O-O-O 17. Nb3 Rhe8 18. Ned4 g5 19. Bxe5 Nxe5 20. Rxf6 g4 21. Raf1 Nd3 22. Nb5 Re1 23. Rxe1 Nxe1 24. N5d4 Nd3 25. Ne6 Re8 26. Nbc5 Ne5 27. Rh6 Re7 28. Nf4 Nf3+ 29. Kf2 Ng5 30. Nxd5 Rf7+ 31. Rf6 Nh3+ 32. Kf1 Rxf6+ 33. Nxf6 b6 34. Nce4 h6 35. Nxg4 h5 36. Ngf6 h4 37. gxh4 Nf4 38. h5 Kd8 39. h6 Ng6 40. h7 Ke7 41. h4 Kf7 42. h5 Nh8 43. Ke2 Kg7 44. Kd3 Nf7 45. Kd4 Nd8 46. Kd5 Kh8 47. Ke5 Nf7+ 48. Kf5 Nh6+ 49. Kg6 Nf7 50. Kxf7 b5 51. Nf2 b4 52. Nh3 bxc3 53. bxc3 a5 54. Nf4 1-0

[Event "FIDE Open Sachove Univerzity QCC"]
[Site "Ceske Budejovice"]
[Date "2020.07.04"]
[Round "4.29"]
[White "Gorej, Jan"]
[Black "Chmelik, Benedikt"]
[Result "0-1"]
[ECO "E61"]
[WhiteElo "1247"]
[BlackElo "1571"]
[Annotator "NA"]
[PlyCount "50"]
[EventDate "2020.07.01"]
[EventType "swiss"]
[EventCountry "CZE"]
[SourceTitle "playchess.com"]
[Source "ChessBase"]
[SourceQuality "1"]
[TimeControl "40/5400+30:1800+30"]

1. d4 Nf6 2. c4 g6 3. Nc3 Bg7 4. Nf3 d6 5. Bf4 O-O 6. e4 Nbd7 7. Bd3 c5 8. Qd2 cxd4 9. Nd5 e5 10. Nxf6+ Bxf6 11. Bh6 Re8 12. O-O-O Nc5 13. Bc2 Bg4 14. Rdg1 b5 15. b4 Nd7 16. cxb5 Qb6 17. a4 a5 18. h4 axb4 19. Ng5 Qc5 20. Kb1 Qc3 21. Qxc3 bxc3 22. Bb3 Be6 23. Kc2 Bxb3+ 24. Kxb3 Nc5+ 25. Ka3 Rxa4# 0-1

[Event "FIDE Open Sachove Univerzity QCC"]
[Site "Ceske Budejovice"]
[Date "2020.07.09"]
[Round "5.1"]
[White "Svanda, Adam"]
[Black "Titera, Libor"]
[Result "1/2-1/2"]
[ECO "A90"]
[WhiteElo "1870"]
[BlackElo "1843"]
[Annotator "NA"]
[PlyCount "38"]
[EventDate "2020.07.01"]
[EventType "swiss"]
[EventCountry "CZE"]
[TimeControl "40/5400+30:1800+30"]

1. c4 e6 2. Nf3 f5 3. g3 Nf6 4. Bg2 c6 5. d4 d5 6. Nbd2 Bd6 7. b3 O-O 8. Bb2 Ne4 9. Ne5 Bb4 10. Nef3 Nd7 11. O-O Ndf6 12. e3 Bd7 13. a3 Nxd2 14. Nxd2 Bd6 15. f4 Be8 16. Bc3 h5 17. Nf3 Ne4 18. Be1 Be7 19. h4 Rf6 1/2-1/2

[Event "FIDE Open Sachove Univerzity QCC"]
[Site "Ceske Budejovice"]
[Date "2020.07.05"]
[Round "5.1"]
[White "Trcka, Bohdan"]
[Black "Bara, Jan"]
[Result "1-0"]
[ECO "C00"]
[WhiteElo "1528"]
[BlackElo "1128"]
[Annotator "NA"]
[PlyCount "91"]
[EventDate "2020.07.01"]
[EventType "swiss"]
[EventCountry "CZE"]
[SourceTitle "playchess.com"]
[Source "ChessBase"]
[SourceQuality "1"]
[TimeControl "40/5400+30:1800+30"]

1. e4 e6 2. f4 c5 3. Be2 Nc6 4. c3 d5 5. e5 Nge7 6. d3 Ng6 7. g3 b6 8. h4 Bb7 9. h5 Nge7 10. Bf3 Nf5 11. g4 Nh4 12. Na3 a6 13. Nc2 d4 14. Be4 f5 15. exf6 Qxf6 16. g5 Qf7 17. Rxh4 Bd6 18. Nh3 O-O-O 19. Bxh7 Ne7 20. g6 Qf6 21. Ng5 dxc3 22. b3 e5 23. Qg4+ Rd7 24. Qe6 exf4 25. Qxf6 gxf6 26. g7 Re8 27. Ne4 Bxe4 28. dxe4 f3 29. Kf2 Ng8 30. h6 Ne7 31. Kxf3 Rdd8 32. Ne3 Be5 33. Bf5+ Nxf5 34. exf5 c2 35. Nxc2 Bxa1 36. Nxa1 Rd7 37. h7 Rxg7 38. h8=Q Rxh8 39. Rxh8+ Kb7 40. Rf8 Rg1 41. Bb2 Rf1+ 42. Ke4 Rf2 43. Bxf6 Rxa2 44. Be5 Re2+ 45. Kd5 Rd2+ 46. Ke6 1-0

[Event "FIDE Open Sachove Univerzity QCC"]
[Site "Ceske Budejovice"]
[Date "2020.07.10"]
[Round "5.2"]
[White "Petkov, Andon"]
[Black "Svetly, Jiri"]
[Result "1/2-1/2"]
[ECO "A06"]
[WhiteElo "1776"]
[BlackElo "1835"]
[Annotator "NA RC"]
[PlyCount "95"]
[EventDate "2020.07.01"]
[EventType "swiss"]
[EventCountry "CZE"]
[TimeControl "40/5400+30:1800+30"]

1. b3 d5 2. Bb2 c5 3. e3 Nc6 4. Nf3 f6 5. d4 cxd4 6. exd4 Bg4 7. Be2 e6 8. Nbd2 Bb4 9. c3 Bd6 10. Nf1 f5 11. Ne3 Bh5 12. Nc2 Bxf3 13. Bxf3 Nf6 14. Qe2 Ne4 15. O-O-O O-O 16. g3 Qa5 17. Bxe4 fxe4 18. Kb1 b5 19. Rhf1 Rf3 20. Ne1 Rf6 21. Nc2 Raf8 22. Ne3 Rf3 23. Rc1 Ba3 24. Bxa3 Qxa3 25. Qxb5 Rxf2 26. Rxf2 Rxf2 27. Rc2 Rxc2 28. Nxc2 Qd6 29. Ne3 Kf7 30. Kb2 h5 31. b4 g5 32. Kb3 a6 33. Qb6 Ke7 34. a4 Nb8 35. Qxd6+ Kxd6 36. c4 dxc4+ 37. Nxc4+ Kc6 38. Ne5+ Kd5 39. Kc3 Nc6 40. Nxc6 Kxc6 41. h3 g4 42. h4 Kd5 43. b5 axb5 44. axb5 Kd6 45. Kd2 Kc7 46. Ke3 Kb6 47. Kxe4 Kxb5 48. d5 1/2-1/2

[Event "FIDE Open Sachove Univerzity QCC"]
[Site "Ceske Budejovice"]
[Date "2020.07.05"]
[Round "5.2"]
[White "Stavova, Marketa"]
[Black "Zezula, Jakub"]
[Result "0-1"]
[ECO "B01"]
[WhiteElo "1219"]
[BlackElo "1449"]
[Annotator "NA"]
[PlyCount "100"]
[EventDate "2020.07.01"]
[EventType "swiss"]
[EventCountry "CZE"]
[SourceTitle "playchess.com"]
[Source "ChessBase"]
[SourceQuality "1"]
[TimeControl "40/5400+30:1800+30"]

1. e4 d5 2. exd5 Qxd5 3. d4 c6 4. Nc3 Qd6 5. Nf3 Nf6 6. Bg5 Bg4 7. Be2 Nbd7 8. Qd2 e6 9. Bf4 Qb4 10. O-O-O Be7 11. h3 Bh5 12. g4 Bg6 13. Rdg1 Qa5 14. h4 Bb4 15. h5 Be4 16. a3 Bxc3 17. Qxc3 Qxc3 18. bxc3 Nd5 19. Bd2 b5 20. Rh3 Bxf3 21. Rxf3 N7b6 22. Bd3 Nc4 23. Bxc4 bxc4 24. g5 Rb8 25. g6 hxg6 26. hxg6 f6 27. Re1 Kd7 28. Rg3 Rh2 29. f3 Rb6 30. Rf1 Ra6 31. Be1 Rxa3 32. Kb2 Ra6 33. f4 Rb6+ 34. Kc1 Ne7 35. Bd2 a5 36. Be3 Rb5 37. Bf2 a4 38. Kd2 a3 39. Rgg1 a2 40. Ke2 Rb2 41. Kf3 Rxc2 42. Kg3 Rh6 43. Ra1 Nf5+ 44. Kf3 Rxc3+ 45. Ke2 Rc2+ 46. Ke1 Rb2 47. Rf1 Rh2 48. Rg1 Rhxf2 49. Rc1 Rbe2+ 50. Kd1 Ne3# 0-1

[Event "FIDE Open Sachove Univerzity QCC"]
[Site "Ceske Budejovice"]
[Date "2020.07.10"]
[Round "5.3"]
[White "Janouskova, Adela"]
[Black "Simacek, Vaclav"]
[Result "0-1"]
[ECO "C45"]
[WhiteElo "1377"]
[BlackElo "1816"]
[Annotator "NA RC"]
[PlyCount "106"]
[EventDate "2020.07.01"]
[EventType "swiss"]
[EventCountry "CZE"]
[TimeControl "40/5400+30:1800+30"]

1. e4 Nc6 2. Nf3 e5 3. d4 exd4 4. Nxd4 Bc5 5. Be3 Qf6 6. c3 Nge7 7. Bc4 d6 8. O-O O-O 9. Qd2 Qg6 10. Nxc6 Nxc6 11. Bxc5 dxc5 12. Qe3 Ne5 13. Be2 Be6 14. Nd2 Rad8 15. Rad1 c4 16. f4 Qh6 17. Qg3 Nd3 18. Nxc4 Nxf4 19. Rxf4 Rxd1+ 20. Bxd1 Bxc4 21. b3 Qb6+ 22. Rf2 Rd8 23. Bh5 Be6 24. Qf4 g6 25. h3 Rd7 26. Bg4 Bxg4 27. Qxg4 Re7 28. Kf1 Qe3 29. Qd1 Qxe4 30. Qd8+ Kg7 31. Qd4+ Qxd4 32. cxd4 Rd7 33. Rc2 c6 34. Rc4 Rd6 35. Ke2 Kf6 36. Ke3 Ke6 37. Ke4 b6 38. Ra4 Rd7 39. Rc4 f5+ 40. Ke3 Kd5 41. Kd3 Re7 42. Rc3 f4 43. Rc4 Re3+ 44. Kd2 Rg3 45. a4 Rxg2+ 46. Kd3 Rg3+ 47. Kc2 Rxh3 48. a5 f3 49. Kd1 f2 50. Ke2 Rxb3 51. Rc2 Rf3 52. Kxf3 f1=Q+ 53. Rf2 Qxf2+ 0-1

[Event "FIDE Open Sachove Univerzity QCC"]
[Site "Ceske Budejovice"]
[Date "2020.07.09"]
[Round "5.4"]
[White "Chval, Petr"]
[Black "Popov, Roman"]
[Result "1/2-1/2"]
[ECO "B15"]
[WhiteElo "1926"]
[BlackElo "2353"]
[Annotator "ChessBase"]
[PlyCount "65"]
[EventDate "2020.07.01"]
[EventType "swiss"]
[EventCountry "CZE"]
[TimeControl "40/5400+30:1800+30"]

1. e4 c6 2. Nc3 d5 3. Nf3 dxe4 4. Nxe4 Nf6 5. Nxf6+ exf6 6. d4 Bd6 7. Be2 O-O 8. O-O Re8 9. Re1 Be6 10. c4 Qc7 11. Be3 Nd7 12. Rc1 Rad8 13. d5 Bg4 14. c5 Nxc5 15. Bxc5 Bxc5 16. Rxc5 Qe7 17. Rc3 Rxd5 18. Rd3 Bxf3 19. gxf3 Re5 20. Kf1 Qe6 21. f4 Re4 22. Rd8 Qh3+ 23. Kg1 g6 24. Rxe8+ Rxe8 25. Qd2 Re4 26. Bd1 Rxe1+ 27. Qxe1 Qf5 28. Qd2 Qe4 29. Bc2 Qe6 30. Qc3 Qg4+ 31. Qg3 Qe2 32. Qd3 Qg4+ 33. Qg3 1/2-1/2

[Event "FIDE Open Sachove Univerzity QCC"]
[Site "Ceske Budejovice"]
[Date "2020.07.05"]
[Round "5.4"]
[White "Stary, Vojtech"]
[Black "Skalicky, Jindrich"]
[Result "1-0"]
[ECO "B48"]
[WhiteElo "1422"]
[BlackElo "1165"]
[Annotator "NA RC"]
[PlyCount "111"]
[EventDate "2020.07.01"]
[EventType "swiss"]
[EventCountry "CZE"]
[SourceTitle "playchess.com"]
[Source "ChessBase"]
[SourceQuality "1"]
[TimeControl "40/5400+30:1800+30"]

1. e4 c5 2. Nf3 e6 3. d4 cxd4 4. Nxd4 Nc6 5. Nc3 Qc7 6. Be3 Nf6 7. f3 Be7 8. Be2 O-O 9. O-O Rd8 10. Kh1 b6 11. f4 Bb7 12. Bf3 Rac8 13. f5 Nxd4 14. Bxd4 e5 15. Bg1 d6 16. g4 Rd7 17. g5 Ne8 18. f6 gxf6 19. Bg4 fxg5 20. Bxd7 Qxd7 21. Nd5 Bxd5 22. Qxd5 Qe6 23. Qxe6 fxe6 24. c3 Nf6 25. Rae1 Rc4 26. Kg2 Rxe4 27. Rxe4 Nxe4 28. Re1 Nf6 29. Bf2 Nh5 30. Bg3 Nf4+ 31. Bxf4 gxf4 32. Kf3 Kf7 33. c4 h5 34. Ke4 h4 35. Rg1 Kf6 36. Rg8 Kf7 37. Ra8 d5+ 38. Kf3 a6 39. Rxa6 dxc4 40. Rxb6 Bc5 41. Rc6 Bd4 42. Rxc4 Bxb2 43. a4 Bd4 44. a5 Ke8 45. a6 Bb6 46. Rc6 Ba7 47. Rc7 Bd4 48. a7 Bxa7 49. Rxa7 Kf8 50. Rh7 Kg8 51. Rxh4 Kf7 52. Rg4 Kf6 53. h4 Kf5 54. Rg1 e4+ 55. Ke2 f3+ 56. Ke3 1-0

[Event "FIDE Open Sachove Univerzity QCC"]
[Site "Ceske Budejovice"]
[Date "2020.07.09"]
[Round "5.5"]
[White "Zelbova, Lada"]
[Black "Straka, Zdenek"]
[Result "1/2-1/2"]
[ECO "B13"]
[WhiteElo "1637"]
[BlackElo "1812"]
[Annotator "NA"]
[PlyCount "93"]
[EventDate "2020.07.01"]
[EventType "swiss"]
[EventCountry "CZE"]
[TimeControl "40/5400+30:1800+30"]

1. d4 d5 2. Bf4 c5 3. e3 cxd4 4. exd4 Nc6 5. c3 Bf5 6. Bd3 Qd7 7. Nf3 f6 8. O-O g5 9. Bg3 h5 10. h4 g4 11. Nh2 O-O-O 12. Re1 Bg7 13. Bb5 Nh6 14. Qa4 Rhe8 15. Nd2 e5 16. Nb3 Qc7 17. Nc5 Bd7 18. Bxc6 bxc6 19. b4 Nf5 20. Nf1 Nxg3 21. Nxg3 Rh8 22. Qa6+ Kb8 23. Qd3 Bc8 24. b5 e4 25. Qe2 Ka8 26. a4 Bf8 27. Na6 Bxa6 28. bxa6 Rb8 29. Reb1 Bd6 30. Nf5 Rxb1+ 31. Rxb1 Rb8 32. Rxb8+ Qxb8 33. Nxd6 Qxd6 34. Qb2 Qc7 35. Qb4 c5 36. Qb5 Qe7 37. Qc6+ Kb8 38. Qxd5 cxd4 39. cxd4 e3 40. fxe3 Qxe3+ 41. Kh2 Qf4+ 42. g3 Qd2+ 43. Qg2 Qb4 44. Qf2 Qb6 45. Qf4+ Kc8 46. Qf5+ Kb8 47. Qf4+ 1/2-1/2

[Event "FIDE Open Sachove Univerzity QCC"]
[Site "Ceske Budejovice"]
[Date "2020.07.05"]
[Round "5.5"]
[White "Policar, Martin"]
[Black "Zezula, Matej"]
[Result "1/2-1/2"]
[ECO "C47"]
[WhiteElo "1258"]
[BlackElo "1125"]
[Annotator "NA RC"]
[PlyCount "111"]
[EventDate "2020.07.01"]
[EventType "swiss"]
[EventCountry "CZE"]
[SourceTitle "playchess.com"]
[Source "ChessBase"]
[SourceQuality "1"]
[TimeControl "40/5400+30:1800+30"]

1. e4 e5 2. Nf3 Nc6 3. Bc4 Nf6 4. Nc3 Bb4 5. d3 d6 6. O-O Bg4 7. h3 Bh5 8. Bb5 O-O 9. Bxc6 bxc6 10. Bg5 Bxc3 11. bxc3 d5 12. Re1 dxe4 13. dxe4 Qxd1 14. Raxd1 Bxf3 15. gxf3 Rab8 16. Be3 Rb2 17. Rb1 Rxa2 18. Rec1 a5 19. Ra1 Rxa1 20. Rxa1 Ra8 21. Ra4 Ra6 22. c4 h6 23. Bd2 Ne8 24. Rxa5 Rxa5 25. Bxa5 Kh7 26. c5 Kg6 27. Bc3 f6 28. Kg2 h5 29. h4 Kf7 30. Bd2 Ke6 31. c4 f5 32. Kf1 Nf6 33. exf5+ Kxf5 34. Ke1 e4 35. Ke2 exf3+ 36. Kxf3 Ne4 37. Bb4 g5 38. hxg5 Nxg5+ 39. Kg3 Ne4+ 40. Kg2 h4 41. f3 Ng5 42. Be1 h3+ 43. Kg3 h2 44. Kg2 h1=Q+ 45. Kxh1 Nxf3 46. Bg3 Ne5 47. Kg1 Nxc4 48. Bxc7 Ke4 49. Bb6 Kd5 50. Kf2 Ke6 51. Ke2 Kd7 52. Kd3 Nxb6 53. cxb6 c5 54. Kc4 Kc6 55. b7 Kxb7 56. Kxc5 1/2-1/2

[Event "FIDE Open Sachove Univerzity QCC"]
[Site "Ceske Budejovice"]
[Date "2020.07.05"]
[Round "5.6"]
[White "Smola, David"]
[Black "Day, Sophia Olivia"]
[Result "1-0"]
[ECO "C55"]
[WhiteElo "1649"]
[BlackElo "1099"]
[Annotator "NA"]
[PlyCount "89"]
[EventDate "2020.07.01"]
[EventType "swiss"]
[EventCountry "CZE"]
[SourceTitle "playchess.com"]
[Source "ChessBase"]
[SourceQuality "1"]
[TimeControl "40/5400+30:1800+30"]

1. e4 e5 2. Nf3 Nc6 3. Bc4 Nf6 4. d3 Be7 5. O-O O-O 6. Nc3 d6 7. h3 Be6 8. Bb5 Qd7 9. d4 a6 10. Bxc6 bxc6 11. dxe5 dxe5 12. Nxe5 Qxd1 13. Rxd1 Bd6 14. Nxc6 Bd7 15. Nd4 Bb4 16. Nde2 Bc6 17. f3 Bb5 18. Bf4 c6 19. Bd6 Bxd6 20. Rxd6 Rad8 21. Rad1 Rb8 22. b3 Rfc8 23. a4 Bxe2 24. Nxe2 a5 25. Nd4 c5 26. Nc6 Ne8 27. Ne7+ Kh8 28. Nxc8 Nxd6 29. Nxd6 Kg8 30. Rd5 h6 31. Rxc5 Ra8 32. Rc8+ Rxc8 33. Nxc8 f6 34. Nd6 Kf8 35. Nc4 Ke7 36. Nxa5 Kd6 37. Kf2 Kc5 38. Ke3 g5 39. f4 Kd6 40. Nc4+ Ke6 41. a5 Kd7 42. fxg5 hxg5 43. Kd4 Kc6 44. g3 Kd7 45. h4 1-0

[Event "FIDE Open Sachove Univerzity QCC"]
[Site "Ceske Budejovice"]
[Date "2020.07.10"]
[Round "5.6"]
[White "Kotleska, Roman"]
[Black "Sobotka, Radim"]
[Result "1-0"]
[ECO "B01"]
[WhiteElo "1521"]
[BlackElo "1764"]
[Annotator "NA RC"]
[PlyCount "68"]
[EventDate "2020.07.01"]
[EventType "swiss"]
[EventCountry "CZE"]
[TimeControl "40/5400+30:1800+30"]

1. e4 d5 2. exd5 Qxd5 3. Nc3 Qa5 4. d4 c6 5. Nf3 Bf5 6. Bc4 e6 7. Bd2 Nf6 8. Bb3 Bb4 9. a3 Bxc3 10. Bxc3 Qc7 11. Qe2 O-O 12. O-O-O Nbd7 13. Ne5 Nb6 14. f3 Rad8 15. g4 Bg6 16. h4 h6 17. Nxg6 fxg6 18. Qxe6+ Kh7 19. Qe5 Qxe5 20. dxe5 Nfd5 21. Rd3 Rde8 22. Bd4 Nf4 23. Rd2 Nbd5 24. c4 Nc7 25. Rf1 b6 26. Bc2 Nce6 27. Be3 c5 28. h5 Nd4 29. Bxd4 cxd4 30. hxg6+ Kh8 31. Kd1 Rxe5 32. Rxd4 Ng2 33. Kd2 Nf4 34. Re1 Rg5 1-0

[Event "FIDE Open Sachove Univerzity QCC"]
[Site "Ceske Budejovice"]
[Date "2020.07.10"]
[Round "5.7"]
[White "Dusanek, Michal"]
[Black "Rychlik, Zdenek"]
[Result "1/2-1/2"]
[ECO "B38"]
[WhiteElo "1500"]
[BlackElo "1701"]
[Annotator "NA RC"]
[PlyCount "62"]
[EventDate "2020.07.01"]
[EventType "swiss"]
[EventCountry "CZE"]
[TimeControl "40/5400+30:1800+30"]

1. e4 c5 2. Nf3 g6 3. c4 Bg7 4. d4 cxd4 5. Nxd4 Nc6 6. Be3 d6 7. Be2 Nf6 8. Nc3 a6 9. O-O O-O 10. a3 Bd7 11. f3 Ne8 12. Qd2 Nc7 13. b4 Ne6 14. Nb3 Rb8 15. Rac1 Nc7 16. Rfd1 Qe8 17. c5 Be6 18. Nd5 Nb5 19. Bxb5 axb5 20. Nc7 Qd7 21. Nxe6 Qxe6 22. Nd4 Nxd4 23. Bxd4 Bxd4+ 24. Qxd4 dxc5 25. Rxc5 Qa6 26. Qd3 Ra8 27. Qxb5 Qxa3 28. Qxb7 Rab8 29. Qxe7 Qxb4 30. Rc7 Qb3 31. Rcd7 Qe3+ 1/2-1/2

[Event "FIDE Open Sachove Univerzity QCC"]
[Site "Ceske Budejovice"]
[Date "2020.07.05"]
[Round "5.7"]
[White "Berkovec, Jakub"]
[Black "Klimes, Roman"]
[Result "1/2-1/2"]
[ECO "C44"]
[WhiteElo "1224"]
[BlackElo "1349"]
[Annotator "NA"]
[PlyCount "53"]
[EventDate "2020.07.01"]
[EventType "swiss"]
[EventCountry "CZE"]
[SourceTitle "playchess.com"]
[Source "ChessBase"]
[SourceQuality "1"]
[TimeControl "40/5400+30:1800+30"]

1. e4 e5 2. Nf3 Nc6 3. d4 exd4 4. Nxd4 Nxd4 5. Qxd4 d6 6. Nc3 Nf6 7. Bc4 Be7 8. Bg5 O-O 9. O-O-O Bd7 10. Kb1 c5 11. Qd2 a6 12. Bxf6 Bxf6 13. Nd5 Bc6 14. Rhe1 Re8 15. f3 Bxd5 16. Bxd5 Qb6 17. c3 Qc7 18. c4 Rab8 19. b3 b5 20. Kc2 bxc4 21. Bxc4 Red8 22. Bd5 a5 23. a4 Rb4 24. Bc4 Qb6 25. Rb1 g6 26. Red1 Bg7 27. Qd5 1/2-1/2